 Dungeon Crawl Stone Soup version 0.30-a0-779-g7971cf19c3 (console) character file.

Game seed: 12624998987000904780

2625 jejorda2 the Spear-Bearer (level 9, 0/94 (103) HPs)
             Began as a Merfolk Berserker on Feb 17, 2023.
             Was an Elder of Trog.
             Slain by a wight
             ... wielding a +3 dagger of freezing
              (3 damage)
             ... on level 7 of the Dungeon.
             The game lasted 00:13:13 (5341 turns).

jejorda2 the Spear-Bearer (Merfolk Berserker)       Turns: 5341, Time: 00:13:14

HP:   0/94 (103)    AC: 13    Str: 21    XL:     9   Next: 60%
MP:   9/9           EV:  7    Int:  7    God:    Trog [****..]
Gold: 239           SH:  0    Dex: 13    Spells: 8/8 levels left

rFire   . . .      SeeInvis .    a - +1 scythe (heavy)
rCold   . . .      Faith    +    (shield currently unavailable)
rNeg    . . .      Spirit   .    r - +1 plate armour
rPois   .          Reflect  .    (no helmet)
rElec   .          Harm     .    o - scarf {shadows}
rCorr   .          Rampage  .    (no gloves)
Will    .....                    (no boots) Stlth
                                 q - amulet of faith
HPRegen 0.35/turn                (no ring)
MPRegen 0.11/turn                (no ring)

@: berserking (expiring), drained, very quick
A: (nimble swimmer 2), mertail
a: Renounce Religion, Berserk, Trog's Hand, Brothers in Arms


You were on level 7 of the Dungeon.
You worshipped Trog.
Trog was greatly pleased with you.
You visited 1 branch of the dungeon, and saw 7 of its levels.

You collected 309 gold pieces.
You spent 70 gold pieces at shops.

Inventory:

Hand Weapons
 a - a +1 heavy scythe (weapon)
 b - a +0 trident
Missiles
 e - 43 stones (quivered)
 f - 16 poisoned darts
 h - 7 boomerangs
 k - 3 javelins
Armour
 o - a scarf of shadows (worn)
 r - a +1 plate armour (worn)
Jewellery
 q - an amulet of faith (around neck)
Wands
 l - a wand of polymorph (7)
 v - a wand of flame (44)
 w - a wand of paralysis (3)
Scrolls
 d - 2 scrolls of magic mapping
 g - 2 scrolls of brand weapon
 i - 4 scrolls of teleportation
 n - 2 scrolls of fear
Potions
 c - a potion of flight
 j - a potion of might
 p - a potion of lignification
 s - a potion of curing
 x - a potion of ambrosia
 A - 2 potions of cancellation {unknown}
 B - 2 potions of heal wounds
 C - a potion of attraction {unknown}


   Skills:
 - Level 6.0 Fighting
 * Level 12.6 Polearms
 + Level 5.5 Armour
 + Level 4.1 Dodging


You had 8 spell levels left.
You didn't know any spells.
Your spell library was empty.

Dungeon Overview and Level Annotations

Branches:
Dungeon (7/15)             Temple (0/1) D:5

Altars:
Ashenzari
Cheibriados
Dithmenos
Gozag
Ru
Trog
Vehumet
Xom

Shops:
D:2 ?*=

Annotations:
D:4 exclusion: statue


Innate Abilities, Weirdness & Mutations

((You are very nimble when in or above water. (Stealth+, EV+, Speed+++)))
Your lower body shifts to a powerful aquatic tail in water.


Message History

The wight barely misses you. The wight hits you but does no damage.
You closely miss the wight.
The wight is heavily damaged.
The wight hits you from afar with a +4 halberd.
The wight hits you with a +0 long sword!
You feel drained.
You completely miss the wight.
The wight is heavily damaged.
The wight hits you from afar with a +4 halberd!
A wight comes into view.
It is wielding a +3 trident of freezing.
The wight hits you with a +3 dagger of freezing!
The wight freezes you.
* * * LOW HITPOINT WARNING * * *
The wight hits you but does no damage.
You are too injured to fight recklessly!
You are too injured to fight recklessly!
You are too injured to fight recklessly!
You are too injured to fight recklessly!
You are too injured to fight recklessly!
You are too injured to fight recklessly!
You are too injured to fight recklessly!
You hit the wight.
The wight is moderately damaged.
The wight barely misses you.
The wight hits you with a +0 long sword.
* * * LOW HITPOINT WARNING * * *
The wight hits you with a +3 dagger of freezing!
* * * LOW HITPOINT WARNING * * *
The wight freezes you.
* * * LOW HITPOINT WARNING * * *
You barely miss the wight.
The wight is moderately damaged.
You hit the wight.
The wight is heavily damaged.
The wight hits you from afar with a +4 halberd.
* * * LOW HITPOINT WARNING * * *
The wight hits you with a +3 dagger of freezing.
* * * LOW HITPOINT WARNING * * *
You feel drained.
You die...

## #. .. ##.
...#..
.....o###
#.z@.#
#..oz.......
###zz##.....


#oz ###.. #.o . $.. .... You could see an orc warrior, 5 wights and 3 orcs.

Vanquished Creatures
  Pikel (D:5)
  Sigmund (D:3)
  Eustachio (D:4)
  The ghost of tarna41 the Trooper, an amateur MiBe of Trog (D:4)
  Duvessa (D:5)
  A sky beast (D:6)
  A black bear (D:6)
  2 ogres (D:6)
  2 centaurs
  A phantom (D:6)
  Blork the orc (D:5)
  A necrophage (D:6)
  A scorpion (D:4)
  Dowan (D:5)
  5 hounds
  3 orc priests
  Jessica (D:2)
  3 iguanas
  Natasha (thrice) (D:2 D:1)
  2 orc wizards
  8 gnolls
  9 adders
  A white imp (D:6)
  2 worms
  3 dart slugs
  32 orcs
  3 ball pythons
  5 bats
  7 endoplasms
  5 giant cockroaches
  2 goblins
  3 hobgoblins
  4 jackals (D:1)
  4 quokkas
  A frilled lizard (D:3)
  11 kobolds
  3 rats (D:1)
136 creatures vanquished.

Vanquished Creatures (collateral kills)
  An orc (D:6)
1 creature vanquished.

Vanquished Creatures (others)
  4 fungi (D:5)
4 creatures vanquished.

Grand Total: 141 creatures vanquished

Notes
Turn   | Place    | Note
-------+----------+-------------------------------------------
     0 | D:1      | jejorda2 the Merfolk Berserker began the quest for the Orb.
     0 | D:1      | Reached XP level 1. HP: 18/18 MP: 1/1
   118 | D:1      | Reached XP level 2. HP: 23/24 MP: 0/2
   342 | D:1      | Reached XP level 3. HP: 29/29 MP: 3/3
   358 | D:1      | Reached ** piety under Trog
   675 | D:1      | Reached skill level 5 in Polearms
   767 | D:2      | Noticed Natasha
   767 | D:2      | Found Abuwaido's General Store.
   786 | D:2      | Killed Natasha
   787 | D:2      | Reached XP level 4. HP: 37/37 MP: 4/4
   851 | D:2      | Noticed Jessica
   863 | D:2      | Killed Jessica
  1016 | D:2      | Noticed Natasha
  1048 | D:1      | Killed Natasha
  1049 | D:1      | Reached skill level 6 in Polearms
  1049 | D:1      | Reached XP level 5. HP: 31/42 MP: 5/5
  1223 | D:1      | Noticed Natasha
  1228 | D:1      | Killed Natasha
  1366 | D:2      | Found Yrot's Jewellery Boutique.
  1505 | D:2      | Found Exaonyi's Magic Scroll Emporium.
  1518 | D:2      | Bought a scroll of teleportation for 30 gold pieces
  1518 | D:2      | Bought a scroll of fear for 40 gold pieces
  1697 | D:3      | Noticed Sigmund
  1715 | D:3      | Killed Sigmund
  1716 | D:3      | Reached skill level 7 in Polearms
  1716 | D:3      | Reached XP level 6. HP: 50/50 MP: 6/6
  2197 | D:4      | Reached *** piety under Trog
  2427 | D:4      | Reached skill level 5 in Fighting
  2427 | D:4      | Reached XP level 7. HP: 52/56 MP: 7/7
  2664 | D:4      | Reached skill level 8 in Polearms
  2825 | D:4      | Found a shimmering altar of Xom.
  2874 | D:4      | Noticed Eustachio
  2889 | D:4      | Killed Eustachio
  2955 | D:4      | Found a runed translucent door.
  2956 | D:4      | Noticed tarna41's ghost (amateur MiBe)
  2968 | D:4      | Killed tarna41's ghost
  2969 | D:4      | Reached skill level 9 in Polearms
  2969 | D:4      | Reached XP level 8. HP: 64/64 MP: 8/8
  3247 | D:4      | Found a radiant altar of Vehumet.
  3320 | D:5      | Entered Level 5 of the Dungeon
  3320 | D:5      | Noticed Pikel
  3336 | D:5      | Killed Pikel
  3337 | D:5      | Reached skill level 10 in Polearms
  3465 | D:5      | Found a snail-covered altar of Cheibriados.
  3485 | D:5      | Noticed Dowan
  3490 | D:5      | Noticed Duvessa
  3495 | D:5      | Killed Dowan
  3506 | D:5      | Killed Duvessa
  3507 | D:5      | Reached skill level 11 in Polearms
  3697 | D:5      | Reached XP level 9. HP: 62/69 MP: 9/9
  3697 | D:5      | Noticed Blork the orc
  3703 | D:5      | Killed Blork the orc
  3724 | D:5      | Reached skill level 5 in Armour
  3850 | D:5      | Found a broken altar of Ashenzari.
  3893 | D:5      | Found a staircase to the Ecumenical Temple.
  4032 | D:5      | Found a shadowy altar of Dithmenos.
  4040 | D:5      | Found an opulent altar of Gozag.
  4214 | D:5      | Found a bloodstained altar of Trog.
  4424 | D:6      | Reached skill level 12 in Polearms
  4526 | D:6      | Reached **** piety under Trog
  4719 | D:6      | Found a sacrificial altar of Ru.
  5341 | D:7      | HP: 3/97 [wight/+3 dagger of freezing (6)]
  5341 | D:7      | Slain by a wight

Illustrated notes

Levels and vault maps discovered:
D:1:      minmay_arrival_nine_rooms, layout_loops_ring, minmay_tetromino_i2
D:2:      layout_rooms, serial_shops, shop, nicolae_shop_statue_plus,
          nicolae_diamond_shop, uniq_natasha, uniq_jessica
D:3:      layout_rooms, minmay_checkerbox, uniq_sigmund
D:4:      layout_gridville, mainiacjoe_overflow_alcove_1, vehumet_statue,
          gammafunk_ghost_grave, uniq_eustachio
D:5:      layout_rooms, lemuel_tele_altar, lemuel_doored_altar, kennysheep_mini,
          lemuel_crystal_altar, lightli_temple_of_fire,
          minmay_temple_entry_poolview, dreamdust_gnoll_farm,
          uniq_blork_the_orc, uniq_pikel, uniq_duvessa
D:6:      layout_loops_ring, nicolae_overflow_hidden_temple,
          nicolae_figureground_sparkle
D:7:      minmay_general_purpose_star, layout_rooms,
          mainiacjoe_overflow_surrounded_room,
          gammafunk_ghost_berserking_beasts, nicolae_ossuary_entry_plus

Skill      XL: |  1  2  3  4  5  6  7  8  9 |
---------------+----------------------------+-----
Polearms       | 5 6 7 9 11 12 | 12.6
Armour         | 2 3 4 5 |  5.5
Fighting       | 4 5 6 |  6.0
Dodging        | 4 |  4.1

Action                     |  1- 3 |  4- 6 |  7- 9 || total
---------------------------+-------+-------+-------++-------
  Melee: Spear             |    28 |       |       ||    28
         Trident           |    42 |    73 |       ||   115
         Punch             |       |     1 |       ||     1
         Halberd           |       |    37 |   232 ||   269
  Throw: Stone             |       |       |     4 ||     4
 Invoke: Berserk           |     1 |     1 |     8 ||    10
         Trog's Hand       |       |     1 |     3 ||     4
    Use: Scroll            |       |       |    14 ||    14
 Armour: Plate armour      |    32 |    57 |   122 ||   211
         Animal skin       |     1 |       |       ||     1
  Dodge: Dodged            |    10 |    17 |    62 ||    89

Table legend: (Time is in decaauts)
 A = Elapsed time spent in this place.
 B = Non-inter-level travel time spent in this place.
 C = Inter-level travel time spent in this place.
 D = Time resting spent in this place.
 E = Time spent auto-exploring this place.
 F = Levels seen in this place.
 G = Mean time per level.
                   A        B        C        D        E       F      G
               +--------+--------+--------+--------+--------+-----+--------+
         Total |   5445 |   5261 |    184 |    708 |   3581 |   7 |  777.9 |
       Dungeon |   5445 |   5261 |    184 |    708 |   3581 |   7 |  777.9 |
               +--------+--------+--------+--------+--------+-----+--------+

Top non-repeatable levels by time:
     D:5: 1105 daAuts
     D:1: 1077 daAuts
     D:4: 1077 daAuts
     D:6: 936 daAuts
     D:3: 691 daAuts
     D:2: 547 daAuts
     D:7: 10 daAuts
